 Dungeon Crawl Stone Soup version 0.18-a0-1202-g796ae12 (webtiles) character file.

535 Ghalim the Cudgeler (level 7, -1/44 HPs)
             Began as a Gargoyle Fighter on Jan 30, 2016.
             Engulfed by a cloud of flame (9 damage)
             ... on level 5 of the Dungeon.
             The game lasted 00:08:05 (3712 turns).

Ghalim the Cudgeler (Gargoyle Fighter)              Turns: 3712, Time: 00:08:05

Health: -1/44      AC: 11    Str: 26    XL:     7   Next: 25%
Magic:  7/7        EV:  7    Int:  9    God:
Gold:   208        SH:  9    Dex:  9    Spells: 0 memorised, 6 levels left

rFire  . . .     SeeInvis .     a - +0 flail
rCold  . . .     Gourm    .     b - +0 scale mail
rNeg   + . .     Faith    .     c - +0 shield
rPois  ∞         Spirit   .     (no helmet)
rElec  +         Dismiss  .     (no cloak)
rCorr  .         Reflect  .     (no gloves)
SustAt .         Harm     .     (no boots)
MR     .....                    (no amulet)
Stlth  ..........               (no ring)
                                (no ring)

@: mighty, not resistant to hostile enchantments, extremely unstealthy
A: negative energy resistance 1, electricity resistance, unbreathing,
petrification resistance, rot immunity, AC +4
a: no special abilities


You were on level 5 of the Dungeon.
You were not hungry.

You visited 2 branches of the dungeon, and saw 6 of its levels.

You collected 208 gold pieces.

Inventory:

Hand Weapons
 a - a +0 flail (weapon)
Armour
 b - a +0 scale mail (worn)
 c - a +0 shield (worn)
 u - a +0 cloak
Jewellery
 x - an uncursed ring of protection from magic {unknown}
Scrolls
 g - 2 scrolls of identify
 h - a scroll of amnesia
 j - a scroll of teleportation {unknown}
 k - a scroll of remove curse
 m - a scroll of blinking {unknown}
 o - a scroll of immolation
 r - a scroll of noise {unknown}
 s - a scroll of fog {unknown}
 t - a scroll of random uselessness {unknown}
Potions
 e - 6 potions of curing
 v - a potion of flight {unknown}
Books
 i - an Akashic Record

   Spells                             Type                      Level
   a - Dispersal                      Translocation                6
   b - Malign Gateway                 Summoning/Translocation      7
   c - Disjunction                    Translocation                8
   d - Controlled Blink               Translocation                8
Comestibles
 f - 2 bread rations
 n - 3 meat rations
 p - 4 fruits
 q - a royal jelly


   Skills:
 + Level 5.6 Fighting
 * Level 6.4 Maces & Flails
 - Level 3.2 Armour
 - Level 3.2 Shields


You had 6 spell levels left.
You didn't know any spells.

Dungeon Overview and Level Annotations

Branches:
Dungeon (5/15)             Temple (1/1) D:5

Altars:
Ashenzari
Cheibriados
Dithmenos
Elyvilon
Fedhas
Makhleb
Nemelex Xobeh
Ru
Sif Muna
Trog
Vehumet
Xom
Yredelemnul
Zin

Annotations:
D:4 Dega's ghost, amateur DsFi; Edmund


Innate Abilities, Weirdness & Mutations

You are resistant to torment.
Your stone body is resilient (AC +4).
You are immune to poison.
You resist negative energy.
You are resistant to electric shocks.
You can survive without breathing.
You are immune to petrification.
You are immune to rotting.


Message History

Grinder hits you but does no damage.
You bludgeon Grinder!!
Grinder is severely wounded.
Grinder gestures.
Grinder blinks!
You hit Grinder.
Grinder is severely wounded.
Grinder hits you. Grinder hits you but does no damage.
You closely miss Grinder.
Grinder is severely wounded.
Grinder hits you.
You bludgeon Grinder!!
Grinder explodes!
The fiery explosion engulfs you!
Ouch! That really hurt!
* * * LOW HITPOINT WARNING * * *
Your Maces & Flails skill increases to level 6!
You have reached level 7!
You are engulfed in roaring flames.
You die...

#....>.#..<...(...
##..#8#...........
##..###............
##..## #............
##..## ##............
##..## #.............
##.5## ##.##.§§§......
##..## .##.###§§.......
#..####........§@#.....
..###.......##...######
..##........###..#
#.#....####.# ##.#
#(.....# ... ..#
#........#._. ..#
.......... ...#
5......... ....
.......... #....


There were no monsters in sight!

Vanquished Creatures
  Grinder (D:5)
  3 crimson imps (D:3)
  Ijyb (D:3)
  An orc wizard (D:3)
  A worker ant (D:4)
  6 adders
  5 worms
  2 giant geckos
  6 orcs
  3 giant cockroaches
  5 goblins
  7 hobgoblins
  7 jackals
  7 kobolds
  A quokka (D:2)
  A ball python (D:4)
  A ball python skeleton (D:4)
  10 bats
  4 giant newts
  9 rats
81 creatures vanquished.

Notes
Turn   | Place    | Note
--------------------------------------------------------------
     0 | D:1      | Ghalim the Gargoyle Fighter began the quest for the Orb.
     0 | D:1      | Reached XP level 1. HP: 14/14 MP: 1/1
    30 | D:1      | Found a sparkling altar of Nemelex Xobeh.
   330 | D:1      | Reached XP level 2. HP: 19/19 MP: 2/2
   634 | D:2      | Reached XP level 3. HP: 9/23 MP: 3/3
   987 | D:2      | Reached XP level 4. HP: 24/29 MP: 4/4
  1199 | D:2      | Reached skill level 4 in Maces & Flails
  1833 | D:3      | Found a glowing silver altar of Zin.
  1916 | D:3      | Found a shimmering altar of Xom.
  1944 | D:3      | Reached XP level 5. HP: 31/34 MP: 5/5
  2656 | D:3      | Reached skill level 5 in Maces & Flails
  2656 | D:3      | Reached XP level 6. HP: 40/40 MP: 6/6
  2711 | D:3      | Noticed Ijyb
  2737 | D:3      | Killed Ijyb
  2737 | D:3      | Reached skill level 5 in Fighting
  3162 | D:4      | Noticed Dega's ghost (amateur DsFi)
  3396 | D:4      | Noticed Edmund
  3402 | D:5      | Entered Level 5 of the Dungeon
  3403 | D:5      | Found a staircase to the Ecumenical Temple.
  3410 | D:5      | Found a bloodstained altar of Trog.
  3419 | Temple   | Entered the Ecumenical Temple
  3671 | D:5      | Noticed Grinder
  3700 | D:5      | Paralysed by Grinder for 6 turns
  3712 | D:5      | Killed Grinder
  3712 | D:5      | Reached skill level 6 in Maces & Flails
  3712 | D:5      | Reached XP level 7. HP: 8/44 MP: 7/7
  3712 | D:5      | Engulfed by a cloud of flame

Vault maps used:
D:1:      dpeg_arrival_rooms_c, nemelex_xobeh_ov_fountains_minmay
D:2:      first_bread
D:3:      lemuel_doored_altar, led_xom_imps, uniq_iyjb
D:4:      uniq_crazy_yiuf_cottage, uniq_edmund, uniq_duvessa
D:5:      nicolae_overflow_crystal_walls, temple_statues,
          nicolae_ossuary_entry_giza, hangedman_glass_teeth,
          trog_three_pillars_becter, uniq_grinder
Temple:   dpeg_five_rooms_temple_12

Action                   |  1- 3 |  4- 6 |  7- 9 || total
-------------------------+-------+-------+-------++-------
Melee: Flail             |   147 |   292 |       ||   439
  Use: Scroll            |       |     4 |       ||     4
       Potion            |       |     1 |       ||     1
  Eat: Chunk             |       |     8 |       ||     8
       Beef jerky        |       |     1 |       ||     1
